 Dungeon Crawl Stone Soup version 0.20-a0-901-g27f6fa8 (webtiles) character file.

1103 relicbr the Spear-Bearer (level 8, 0/62 HPs)
             Began as a Minotaur Gladiator on Mar 20, 2017.
             Was a Follower of Okawaru.
             Slain by a shadow imp (2 damage)
             ... on level 6 of the Dungeon.
             The game lasted 00:10:25 (3827 turns).

relicbr the Spear-Bearer (Minotaur Gladiator)       Turns: 3827, Time: 00:10:26

Health: 0/62       AC:  9    Str: 19    XL:     8   Next: 11%
Magic:  6/7        EV: 11    Int:  8    God:    Okawaru [*.....]
Gold:   385        SH:  0    Dex: 14    Spells: 5/7 levels left

rFire    . . .     SeeInvis .   a - +0 trident
rCold    . . .     Gourm    .   y - +3 ring mail
rNeg     . . .     Faith    .   (no shield)
rPois    .         Spirit   .   c - +1 hat
rElec    .         Reflect  .   (no cloak)
rCorr    .         Harm     .   (no gloves)
MR       .....                  (no boots)
Stlth    +.........             (no amulet)
Regen    0.2/turn               (no ring)
MPRegen  0.1/turn               r - +3 ring of intelligence

@: heavily drained
A: retaliatory headbutt, horns 2
a: Heroism, Renounce Religion


You were on level 6 of the Dungeon.
You worshipped Okawaru.
Okawaru was aware of your devotion.
You were not hungry.

You visited 1 branch of the dungeon, and saw 6 of its levels.

You collected 385 gold pieces.

Inventory:

Hand Weapons
 a - a +0 trident (weapon)
 b - a +0 halberd
Missiles
 d - 3 throwing nets (quivered)
Armour
 c - a +1 hat (worn)
 y - a +3 ring mail (worn)
Jewellery
 r - a +3 ring of intelligence (left hand)
 B - an uncursed amulet of rage {unknown}
Wands
 w - a wand of flame (23/48)
 E - a wand of digging (8/24)
Scrolls
 e - a scroll of magic mapping {unknown}
 h - 4 scrolls of enchant armour
 j - 5 scrolls of remove curse
 k - a scroll of immolation {unknown}
 l - 3 scrolls of enchant weapon {unknown}
 m - a scroll of random uselessness {unknown}
 n - 2 scrolls of amnesia {unknown}
 o - 2 scrolls of teleportation {unknown}
 q - a scroll of fog {unknown}
 t - a scroll of blinking {unknown}
 x - a scroll of recharging {unknown}
Potions
 g - a potion of might
 p - a potion of curing {unknown}
 s - a potion of flight {unknown}
 u - a potion of agility {unknown}
 z - a potion of lignification {unknown}
 F - 2 potions of haste
Comestibles
 f - 5 bread rations
 i - 3 royal jellies
 v - a chunk of flesh
 A - 9 fruits
 C - a meat ration


   Skills:
 - Level 2.4(1.2) Fighting
 * Level 11.7(10.2) Polearms
 - Level 2.0(0.8) Throwing
 - Level 3.2(2.1) Dodging


You had 5 spell levels left.
You knew the following spells:

 Your Spells              Type           Power        Failure   Level  Hunger
a - Swiftness             Chrm/Air       #.......     92%         2    ###....


Dungeon Overview and Level Annotations

Branches:
Dungeon (6/15)
 Temple: D:4-7

Altars:
Nemelex Xobeh
Okawaru
Xom
Yredelemnul
The Shining One


Innate Abilities, Weirdness & Mutations

You reflexively headbutt those who attack you in melee.
You have a pair of horns on your head.


Message History

The shadow imp hits you but does no damage.
Something hits you.
* * * LOW HITPOINT WARNING * * *
You miss something. Your headbutt misses something.
The shadow imp hits you but does no damage.
You puncture something! Okawaru accepts your kill.
Reactivating autopickup.
You feel a bit more experienced.
The shadow imp hits you but does no damage.
The shadow imp gestures at you. Pain shoots through your body!
* * * LOW HITPOINT WARNING * * *
Things that are here:
a dagger; a robe You hit the shadow imp.
You headbutt the shadow imp.
The shadow imp is severely wounded.
The shadow imp grinds its teeth.
The shadow imp hits you.
You die...

.........# !........#
.........# ####### ##
.........# ###.....#.(.
........## ##...........
........## ##............
...<.....# #..⌠.)P.......
.........# #...5.).......
.........# ##...@P≈P......
.........###...#..........
.........##...##'.........
........##...##_##........
#......###....###.........
###.#.###......#....#....#
......................##.#
......................#
.......#.......).........


You could see a shadow imp.

Vanquished Creatures
  Menkaure (D:6)
  2 ogres (D:6)
  A howler monkey (D:4)
  6 crimson imps (D:5)
  A bullfrog zombie (D:5)
  2 orc priests
  2 centaur skeletons (D:4)
  2 orc wizards
  A bullfrog skeleton (D:5)
  An iguana (D:5)
  Natasha (thrice) (D:2)
  A worker ant (D:6)
  3 adders
  7 gnolls
  An adder zombie (D:5)
  6 worms (D:3)
  4 dart slugs
  A leopard gecko (D:6)
  16 orcs
  4 ball pythons
  2 giant cockroaches
  5 goblins
  7 hobgoblins
  4 jackals (D:1)
  A quokka (D:2)
  11 bats
  6 frilled lizards
  6 kobolds
  8 rats
115 creatures vanquished.

Notes
Turn   | Place    | Note
-------+----------+-------------------------------------------
     0 | D:1      | relicbr the Minotaur Gladiator began the quest for the Orb.
     0 | D:1      | Reached XP level 1. HP: 18/18 MP: 0/0
    57 | D:1      | Reached skill level 4 in Polearms
    98 | D:1      | Reached XP level 2. HP: 25/25 MP: 1/1
   248 | D:1      | Reached skill level 5 in Polearms
   291 | D:1      | Reached XP level 3. HP: 28/30 MP: 2/2
   926 | D:2      | Reached XP level 4. HP: 25/37 MP: 3/3
   927 | D:2      | Reached skill level 6 in Polearms
  1267 | D:2      | Noticed Natasha
  1273 | D:2      | Killed Natasha
  1699 | D:2      | Noticed Natasha
  1703 | D:2      | Killed Natasha
  1703 | D:2      | Reached skill level 7 in Polearms
  1703 | D:2      | Reached XP level 5. HP: 25/42 MP: 4/4
  1762 | D:2      | Noticed Natasha
  1769 | D:2      | Killed Natasha
  2449 | D:4      | Reached skill level 8 in Polearms
  2457 | D:4      | Reached XP level 6. HP: 44/50 MP: 5/5
  2514 | D:4      | Found a basalt altar of Yredelemnul.
  2596 | D:4      | Found a sparkling altar of Nemelex Xobeh.
  2916 | D:4      | Reached skill level 9 in Polearms
  3007 | D:5      | Entered Level 5 of the Dungeon
  3286 | D:5      | Found a shimmering altar of Xom.
  3306 | D:5      | Reached XP level 7. HP: 55/56 MP: 6/6
  3337 | D:5      | Reached skill level 10 in Polearms
  3346 | D:5      | Learned a level 2 spell: Swiftness
  3478 | D:5      | Found an iron altar of Okawaru.
  3490 | D:5      | Became a worshipper of Warmaster Okawaru
  3771 | D:6      | Reached skill level 11 in Polearms
  3776 | D:6      | Noticed Menkaure
  3790 | D:6      | Killed Menkaure
  3790 | D:6      | Reached * piety under Okawaru
  3790 | D:6      | Reached XP level 8. HP: 57/62 MP: 7/7
  3796 | D:6      | Found a glowing golden altar of the Shining One.
  3826 | D:6      | HP: 2/62 [shadow imp/nerve-wracking pain (12)]
  3827 | D:6      | Slain by a shadow imp

Vault maps used:
D:1:      dpeg_arrival_orchard, minmay_pentomino_z4
D:2:      first_bread, serial_bayou_pond_e, minmay_tree_intersection,
          uniq_natasha
D:4:      overflow_temple_1_default, nemelex_xobeh_ov_fountains_minmay
D:5:      okawaru_metal_pillars_3, led_xom_imps
D:6:      tso_oasis_becter, nicolae_ashenzari_panopticon, serial_shops,
          kennysheep_little_box, uniq_menkaure

Skill      XL: |  1  2  3  4  5  6  7 |
---------------+----------------------+-----
Polearms       | 4 5 7 8 9 11 | 11.7
Fighting       | |  2.4
Throwing       | |  2.0
Dodging        | |  3.2

Action                   |  1- 3 |  4- 6 |  7- 9 || total
-------------------------+-------+-------+-------++-------
Melee: Trident           |    69 |   189 |    64 ||   322
       Headbutt          |     4 |    28 |    14 ||    46
Invok: Heroism           |       |       |     1 ||     1
  Use: Scroll            |       |     4 |     2 ||     6
  Eat: Chunk             |       |     8 |     1 ||     9
Armor: Ring mail         |    17 |    32 |    17 ||    66
Dodge: Dodged            |    27 |    59 |    20 ||   106
